 Dungeon Sprint DCSS version 0.26-a0-651-gb41185065b (webtiles) character file.

Game seed: 16842700578075547939

402 tsouns the Grappler (level 6, -1/37 HPs)
             Began as a Vine Stalker Berserker on Oct 30, 2020.
             Was an Elder of Trog.
             Slain by an orc warrior
             ... wielding a +0 dire flail
              (8 damage)
             ... in the Dungeon (Sprint IX: "|||||||||||||||||||||||||||||").
             The game lasted 00:01:12 (294 turns).

tsouns the Grappler (Vine Stalker Berserker)         Turns: 294, Time: 00:01:13

Health: -1/37      AC: 13    Str: 24    XL:     6   Next: 85%
Magic:  0/7        EV: 11    Int:  7    God:    Trog [****..]
Gold:   0          SH:  0    Dex: 17    Spells: 5/5 levels left

rFire    . . .     SeeInvis .     - Unarmed
rCold    . . .     Faith    .   (no shield)
rNeg     . . .     Spirit   +   l - +1 chain mail
rPois    .         Reflect  .   j - +0 helmet
rElec    .         Harm     .   (no cloak)
rCorr    .         Rampage  .   k - +0 pair of gloves
MR       .....     NoTele   +   (no boots)
Stlth    ..........             (no amulet)
HPRegen  0.52/turn              m - +3 ring of dexterity
MPRegen  0.10/turn              n - +3 ring of strength

@: berserk cooldown, slowed, very slow
A: fangs 2, regeneration 1, magic shield, antimagic bite, no potion heal 3, rot
immunity
a: Berserk, Trog's Hand, Brothers in Arms, Renounce Religion


You were in the Dungeon.
You worshipped Trog.
Trog was greatly pleased with you.
You visited 1 branch

Inventory:

Armour
 a - a +0 animal skin
 j - a +0 helmet (worn)
 k - a +0 pair of gloves (worn)
 l - a +1 chain mail (worn)
Jewellery
 m - a +3 ring of dexterity (left hand)
 n - a +3 ring of strength (right hand)
Wands
 i - a wand of acid (10)
Scrolls
 f - 2 scrolls of blinking
 h - 3 scrolls of remove curse
Potions
 b - 5 potions of curing
 c - a potion of haste
 d - 4 potions of magic
 e - a potion of berserk rage
 g - a potion of invisibility


   Skills:
 + Level 6.4 Fighting
 + Level 5.5 Armour
 + Level 5.5 Dodging
 * Level 9.5 Unarmed Combat


You had 5 spell levels left.
You didn't know any spells.
Your spell library was empty.

Dungeon Overview and Level Annotations

Branches:
Dungeon (1/1)

Altars:
Cheibriados
Dithmenos
Elyvilon
Fedhas
Gozag
Hepliaklqana
Kikubaaqudgha
Makhleb
Nemelex Xobeh
Okawaru
Qazlal
Ru
Sif Muna
Trog
Uskayaw
Vehumet
Wu Jian
Xom
Yredelemnul
Zin
The Shining One
Beogh
Jiyva
Lugonu


Innate Abilities, Weirdness & Mutations

You have extremely sharp teeth.
Your natural rate of healing is unusually fast.
When hurt, damage is shared between your health and your magic reserves.
Your bite disrupts and absorbs the magic of your enemies.
Potions cannot restore your health.
You are immune to rotting.


Message History

Your bite misses the orc warrior.
The orc warrior is moderately wounded.
The orc warrior hits you with a +0 dire flail!
You are too injured to fight recklessly!
You are too injured to fight recklessly!
You are too injured to fight recklessly!
You are too injured to fight recklessly!
You are too injured to fight recklessly!
You are too injured to fight recklessly!
You are too injured to fight recklessly!
You are too injured to fight recklessly!
You are too injured to fight recklessly!
You are too injured to fight recklessly!
You are too injured to fight recklessly!
You are too injured to fight recklessly!
You fail to use your ability.
The orc warrior hits you with a +0 dire flail!
* * * LOW HITPOINT WARNING * * *
The orc warrior hits you with a +0 dire flail!
You die...

▓+▓
▓.▓
▓l▓
▓T▓
▓o▓
▓@▓
▓.▓
▓)▓
▓(▓
▓.▓
▓.▓
▓.▓
▓.▓
▓.▓


You could see a troll, an orc warrior and a leopard gecko.

Vanquished Creatures
  A yak (D)
  A centaur (D)
  An ogre (D)
  A scorpion (D)
  A wight (D)
  A white imp (D)
  An orc (D)
  A bat skeleton (D)
  2 goblins (D)
  A hobgoblin (D)
  A bat (D)
  A rat (D)
13 creatures vanquished.

Notes
Turn   | Place    | Note
-------+----------+-------------------------------------------
     0 | D        | tsouns the Vine Stalker Berserker began the quest for the
                  | Orb.
     0 | D        | Reached XP level 1. HP: 11/11 MP: 2/2
    15 | D        | Reached ** piety under Trog
   157 | D        | Noticed an ogre
   157 | D        | Noticed a scorpion
   161 | D        | Killed a scorpion
   161 | D        | Reached skill level 5 in Unarmed Combat
   161 | D        | Reached XP level 2. HP: 17/17 MP: 1/3
   161 | D        | Reached XP level 3. HP: 21/21 MP: 1/4
   163 | D        | Reached *** piety under Trog
   164 | D        | Gained mutation: Your natural rate of healing is unusually
                  | fast. [Vine Stalker growth]
   164 | D        | Reached XP level 4. HP: 25/25 MP: 5/5
   169 | D        | Killed an ogre
   169 | D        | Reached skill level 7 in Unarmed Combat
   169 | D        | Reached XP level 5. HP: 28/30 MP: 6/6
   202 | D        | Found a roughly hewn altar of Beogh.
   202 | D        | Found a snail-covered altar of Cheibriados.
   202 | D        | Found a shadowy altar of Dithmenos.
   202 | D        | Found a white marble altar of Elyvilon.
   202 | D        | Found a blossoming altar of Fedhas.
   202 | D        | Found an opulent altar of Gozag.
   203 | D        | Found a hazy altar of Hepliaklqana.
   204 | D        | Found a viscous altar of Jiyva.
   205 | D        | Found an ancient bone altar of Kikubaaqudgha.
   206 | D        | Found a corrupted altar of Lugonu.
   207 | D        | Found a burning altar of Makhleb.
   208 | D        | Found a sparkling altar of Nemelex Xobeh.
   209 | D        | Found an iron altar of Okawaru.
   210 | D        | Found a stormy altar of Qazlal.
   211 | D        | Found a sacrificial altar of Ru.
   212 | D        | Found a shimmering blue altar of Sif Muna.
   213 | D        | Found a bloodstained altar of Trog.
   214 | D        | Found a hide-covered altar of Uskayaw.
   215 | D        | Found a radiant altar of Vehumet.
   216 | D        | Found an ornate altar of the Wu Jian Council.
   217 | D        | Found a shimmering altar of Xom.
   218 | D        | Found a basalt altar of Yredelemnul.
   219 | D        | Found a glowing silver altar of Zin.
   220 | D        | Found a glowing golden altar of the Shining One.
   269 | D        | Noticed a troll
   269 | D        | Noticed an orc warrior
   269 | D        | Noticed a yak
   269 | D        | Noticed a centaur
   273 | D        | Killed a centaur
   273 | D        | Reached **** piety under Trog
   273 | D        | Reached skill level 5 in Fighting
   273 | D        | Reached skill level 8 in Unarmed Combat
   279 | D        | Killed a yak
   279 | D        | Reached skill level 5 in Armour
   279 | D        | Reached skill level 5 in Dodging
   279 | D        | Reached skill level 9 in Unarmed Combat
   279 | D        | Reached XP level 6. HP: 36/36 MP: 7/7
   294 | D        | Slain by an orc warrior

Illustrated notes

Levels and vault maps discovered:
D:        linesprint [early_d, line_temple, items_1, d_10, items_2, lair_1,
          lair_end, items_3, orc_1, orc_end, items_4, d_15, swamp_1, shoals_1,
          snake_1, spider_1, d_20, vaults_1, items_5, swamp_end, shoals_end,
          snake_end, spider_end, vaults_end, d_27, items_6, zot_1, zot_end,
          crypt_end, forest_end, elf_end, slime_end, tomb_end, abyss_end,
          pan_hell_end]

Skill      XL: |  1  2  3  4  5 |
---------------+----------------+-----
Fighting       | 3 4 6 |  6.4
Dodging        | 3 4 5 |  5.5
Armour         | 3 5 |  5.5
Unarmed Combat | 5 7 9 |  9.5

Action                   |  1- 3 |  4- 6 || total
-------------------------+-------+-------++-------
Melee: Unarmed           |    20 |    26 ||    46
       Bite              |     3 |    12 ||    15
       Punch             |       |     3 ||     3
Invok: Berserk           |     2 |     1 ||     3
Armor: Animal skin       |     6 |       ||     6
       Chain mail        |       |     2 ||     2
Dodge: Dodged            |     9 |    16 ||    25

Table legend: (Time is in decaauts)
 A = Elapsed time spent in this place.
 B = Non-inter-level travel time spent in this place.
 C = Inter-level travel time spent in this place.
 D = Time resting spent in this place.
 E = Time spent auto-exploring this place.
 F = Levels seen in this place.
 G = Mean time per level.
                   A        B        C        D        E       F      G
               +--------+--------+--------+--------+--------+-----+--------+
         Total |    308 |    308 |      0 |    181 |      6 |   1 |  308.0 |
       Dungeon |    308 |    308 |      0 |    181 |      6 |   1 |  308.0 |
               +--------+--------+--------+--------+--------+-----+--------+

Top non-repeatable levels by time:
       D: 308 daAuts
